 Dungeon Crawl Stone Soup version 0.19.0-9-gfd783f2 (webtiles) character file.

468 puppykicker the Poker (level 7, -11/46 HPs)
             Began as a Merfolk Ice Elementalist on Nov 8, 2016.
             Killed by divine providence
             ... invoked by an orc priest
              (14 damage)
             ... on level 6 of the Dungeon.
             The game lasted 00:10:43 (4789 turns).

puppykicker the Poker (Merfolk Ice Elementalist)    Turns: 4789, Time: 00:10:44

Health: -11/46     AC:  3    Str: 10    XL:     7   Next: 8%
Magic:  10/10      EV: 13    Int: 15    God:
Gold:   118        SH:  0    Dex: 14    Spells: 4 memorised, 0 levels left

rFire  . . .     SeeInvis .     a - +1 spear
rCold  . . .     Gourm    .     j - +1 robe
rNeg   . . .     Faith    .     (no shield)
rPois  .         Spirit   .     (no helmet)
rElec  .         Reflect  .     (no cloak)
rCorr  .         Harm     .     (no gloves)
MR     .....                    (no boots)
Stlth  ++........               (no amulet)
                                (no ring)
                                (no ring)

@: no status effects
A: change form in water, swift swim, stealthy swim
a: no special abilities


You were on level 6 of the Dungeon.
You were not hungry.

You visited 1 branch of the dungeon, and saw 4 of its levels.

You collected 118 gold pieces.


   Skills:
 - Level 0.2 Fighting
 * Level 6.3 Polearms
 - Level 3.0 Dodging
 - Level 2.1 Stealth
 - Level 2.2 Spellcasting
 - Level 1.2 Conjurations
 + Level 2.6 Charms
 + Level 0.0 Summonings
 + Level 5.6 Ice Magic


You couldn't memorise any spells.
You knew the following spells:

 Your Spells              Type           Power        Failure   Level  Hunger
a - Freeze                Ice            ###.         1%          1    #......
b - Throw Frost           Conj/Ice       ##....       10%         2    ###....
c - Summon Ice Beast      Ice/Summ       ##......     78%         4    #####..
k - Ozocubu's Armour      Chrm/Ice       ##......     14%         3    ###....

Inventory:

Hand Weapons
 a - a +1 spear (weapon)
Armour
 g - a +0 ring mail
 j - a +1 robe (worn)
Jewellery
 h - a +1 ring of evasion {unknown}
Scrolls
 e - 2 scrolls of remove curse
 m - a scroll of fog
Potions
 d - a potion of mutation {unknown}
 f - a potion of cure mutation
Books
 b - a book of Frost
Comestibles
 c - 3 bread rations

Dungeon Overview and Level Annotations

Branches:
Dungeon (3/15)

Altars:
Elyvilon
Kikubaaqudgha
Okawaru

#.# #.##### #.# #.....# #.#
#.....# #.# #.....########
#(# #............. #.#
###......##### #.#
###......##### #.#
#.............
#@###.#......##...
#Y....#......##.##
#.....#......##
#.....#......##.##
#o...>..).........
###########(............#.##
#.......o.o.............
#.............#.......
#.............#.......


You could see an orc warrior, an ice beast and an orc priest.


Message History

Reactivating autopickup.
The sky beast flickers out of sight!
Deactivating autopickup; reactivate with Ctrl-A.
Something hits you.
* * * LOW HITPOINT WARNING * * *
Something shocks you.
* * * LOW HITPOINT WARNING * * *
The orc priest looks satisfied for a moment.
The orc priest looks encouraged for a moment.
A sky beast appears from thin air!
Reactivating autopickup.
You see here 22 bolts.
The sky beast flickers out of sight!
Deactivating autopickup; reactivate with Ctrl-A.
Found 14 gold pieces.
Something hits you.
* * * LOW HITPOINT WARNING * * *
Something shocks you.
* * * LOW HITPOINT WARNING * * *
The orc priest looks braver for a moment.
The orc warrior barely misses you. The orc warrior hits you with a mace!!
* * * LOW HITPOINT WARNING * * *
Unknown command.
Unknown command.
You see here 9 stones.
Okay, then.
The orc priest calls down the wrath of Beogh upon you.
Beogh smites you!
You die...

Action                   |  1- 3 |  4- 6 |  7- 9 || total
-------------------------+-------+-------+-------++-------
Melee: Unarmed           |    27 |       |       ||    27
       Dagger            |    12 |       |       ||    12
       Spear             |    11 |    99 |       ||   110
       Headbutt          |       |     7 |       ||     7
 Cast: Freeze            |    53 |    47 |     1 ||   101
  Use: Scroll            |     3 |     6 |     4 ||    13
       Potion            |       |     3 |       ||     3
 Stab: Distracted        |     1 |       |       ||     1
       Sleeping          |     3 |     4 |       ||     7
  Eat: Chunk             |     4 |    13 |       ||    17
       Beef jerky        |       |     1 |       ||     1
Armor: Robe              |    10 |    21 |     3 ||    34
       Skin              |       |     1 |       ||     1
Dodge: Dodged            |    77 |    84 |     5 ||   166

Vault maps used:
D:1:      minmay_arrival_split_and_join, kennysheep_nondescript,
          hex_intersection, minmay_misc_feat_square, minmay_misc_feat_alley
D:3:      lemuel_coloured_pillars_altar, okawaru_metal_pillars_1_2,
          elyvilon_altar_5, first_bread
D:6:      kennysheep_mini_moat, st_stairs_4

Notes
Turn   | Place    | Note
-------+----------+-------------------------------------------
     0 | D:1      | puppykicker the Merfolk Ice Elementalist began the quest for the Orb.
     0 | D:1      | Reached XP level 1. HP: 13/13 MP: 3/3
   324 | D:1      | Reached skill level 3 in Dodging
   324 | D:1      | Reached XP level 2. HP: 19/19 MP: 1/5
   334 | D:1      | Learned a level 2 spell: Throw Frost
   907 | D:1      | Reached skill level 1 in Conjurations
   958 | D:1      | Reached skill level 4 in Ice Magic
   958 | D:1      | Reached XP level 3. HP: 10/24 MP: 0/6
  1925 | D:2      | Reached skill level 1 in Polearms
  1925 | D:2      | Reached XP level 4. HP: 14/30 MP: 2/7
  2671 | D:2      | Reached skill level 2 in Polearms
  2999 | D:2      | Learned a level 3 spell: Ozocubu's Armour
  3237 | D:3      | Found an iron altar of Okawaru.
  3328 | D:3      | Found a white marble altar of Elyvilon.
  3335 | D:3      | Reached skill level 3 in Polearms
  3335 | D:3      | Reached XP level 5. HP: 27/35 MP: 4/8
  3768 | D:3      | You fall through a shaft for 3 floors!
  3782 | D:6      | Noticed a sky beast
  3787 | D:6      | Found an ancient bone altar of Kikubaaqudgha.
  3811 | D:6      | Killed a sky beast
  3811 | D:6      | Reached skill level 4 in Polearms
  3811 | D:6      | Reached skill level 1 in Charms
  3811 | D:6      | Reached skill level 5 in Ice Magic
  3811 | D:6      | Reached XP level 6. HP: 18/41 MP: 0/9
  3839 | D:6      | Gained mutation: You have a pair of small horns on your head. [mutagenic meat]
  3840 | D:6      | Gained mutation: You have a pair of horns on your head. [mutagenic meat]
  3841 | D:6      | Gained mutation: Scrolls take you a little longer to read. [mutagenic meat]
  3842 | D:6      | Lost mutation: You have a pair of horns on your head. [mutagenic meat]
  3843 | D:6      | Gained mutation: You are partially covered in thin metallic scales. (AC +2) [mutagenic meat]
  4152 | D:6      | Noticed an ice beast
  4168 | D:6      | Reached skill level 5 in Polearms
  4216 | D:6      | Reached skill level 2 in Charms
  4220 | D:6      | Noticed a sky beast
  4265 | D:6      | Lost mutation: Scrolls take you a little longer to read. [potion of cure mutation]
  4265 | D:6      | Lost mutation: You have a pair of small horns on your head. [potion of cure mutation]
  4265 | D:6      | Lost mutation: You are partially covered in thin metallic scales. (AC +2) [potion of cure mutation]
  4267 | D:6      | HP: 4/41 [bullfrog (6)]
  4270 | D:6      | Reached skill level 6 in Polearms
  4562 | D:6      | Reached XP level 7. HP: 43/46 MP: 5/10
  4570 | D:6      | Learned a level 4 spell: Summon Ice Beast
  4780 | D:6      | HP: 1/46 [orc warrior/mace (18)]
  4789 | D:6      | Killed from afar by an orc priest

Vanquished Creatures
  A sky beast (D:6)
  2 bullfrogs (D:6)
  A scorpion (D:3)
  A howler monkey (D:6)
  A worker ant (D:6)
  A worker ant zombie (D:6)
  4 adders (D:2)
  2 oozes (D:1)
  4 dart slugs
  A leopard gecko (D:2)
  2 giant cockroaches
  9 goblins
  2 hobgoblins
  11 jackals
  2 quokkas
  A ball python (D:3)
  9 bats
  6 frilled lizards
  3 kobolds
  7 rats
70 creatures vanquished.
